 Dungeon Crawl Stone Soup version 0.28-a0-1117-g0bdd5ba030 (webtiles) character file.

Game seed: 1995578562679721069

3022 mcbry74 the Cleaver (level 9, 0/78 HPs)
             Began as a Hill Orc Fighter on Dec 11, 2021.
             Was a Priest of Okawaru.
             Slain by a killer bee (5 damage)
             ... on level 7 of the Dungeon.
             The game lasted 00:22:54 (8888 turns).

mcbry74 the Cleaver (Hill Orc Fighter)              Turns: 8888, Time: 00:22:55

Health: 0/78       AC: 14    Str: 19    XL:     9   Next: 85%
Magic:  12/12      EV:  9    Int: 12    God:    Okawaru [***...]
Gold:   255        SH:  6    Dex: 10    Spells: 8/8 levels left

rFire   + . .      SeeInvis .   a - +0 war axe (spect)
rCold   . . .      Faith    .   c - +0 buckler
rNeg    . . .      Spirit   .   o - +0 chain mail
rPois   .          Reflect  .   (no helmet)
rElec   .          Harm     .   e - +1 cloak
rCorr   .          Rampage  .   (no gloves)
Will    .....                   (no boots)
Stlth   ..........              (no amulet)
HPRegen 0.23/turn               f - ring of protection from fire
MPRegen 0.13/turn               (no ring)

@: heroic
A: no striking features
a: Renounce Religion, Heroism


You were on level 7 of the Dungeon.
You worshipped Okawaru.
Okawaru was most pleased with you.
You visited 2 branches of the dungeon, and saw 9 of its levels.

You collected 255 gold pieces.

Inventory:

Hand Weapons
 a - a +0 spectral war axe (weapon)
 g - a +4 dagger
 j - a +0 morningstar
 m - a +0 war axe
 y - a +0 hunting sling
 E - a +3 morningstar
Missiles
 l - 31 poisoned darts (quivered)
 s - 3 boomerangs
Armour
 b - a +0 scale mail
 c - a +0 buckler (worn)
 e - a +1 cloak (worn)
 o - a +0 chain mail (worn)
Magical Staves
 t - a staff of conjuration
Jewellery
 f - a ring of protection from fire (left hand)
Wands
 B - a wand of flame (23)
Scrolls
 u - a scroll of brand weapon
 v - a scroll of fear
 z - a scroll of magic mapping {unknown}
 A - a scroll of acquirement {unknown}
Potions
 d - a potion of might
 h - 3 potions of lignification
 i - a potion of curing
 k - a potion of resistance {unknown}
 p - 2 potions of magic {unknown}
 q - 2 potions of flight {unknown}
 r - a potion of mutation {unknown}
 w - a potion of cancellation {unknown}
 x - a potion of brilliance {unknown}
 C - 2 potions of haste {unknown}
 D - a potion of ambrosia {unknown}


   Skills:
 * Level 6.8(11.8) Fighting
 + Level 11.2(17.0) Axes
 + Level 3.9(12.2) Maces & Flails
 + Level 3.7(12.1) Polearms
 + Level 3.1(8.1) Throwing
 + Level 5.2(10.2) Armour
 + Level 5.2(10.2) Shields
 + Level 4.7 Invocations


You had 8 spell levels left.
You didn't know any spells.
Your spell library contained the following spells:

 Spells                   Type           Power      Damage    Failure   Level
 Pain                     Necr           0%         1d4       95%         1
 Slow                     Hex            0%         N/A       95%         1
 Confusing Touch          Hex            0%         N/A       100%        3
 Gell's Gravitas          Tloc           0%         N/A       100%        3
 Lesser Beckoning         Tloc           0%         N/A       100%        3
 Teleport Other           Tloc           0%         N/A       100%        3
 Vampiric Draining        Necr           0%         2d6       100%        3
 Iskenderun's Battlesphe  Conj           0%         2d6       100%        5
 Yara's Violent Unravell  Hex/Tmut       0%         3d3       100%        5
 Iron Shot                Conj/Erth      0%         9d1       100%        6
 Animate Skeleton         Necr           Unusable   N/A       N/A         1
 Spellforged Servitor     Conj/Summ      Unusable   N/A       N/A         7

Dungeon Overview and Level Annotations

Branches:
Dungeon (8/15)             Temple (1/1) D:4
   Lair: D:8-11

Altars:
Ashenzari
Cheibriados
Dithmenos
Elyvilon
Fedhas
Gozag
Hepliaklqana
Kikubaaqudgha
Makhleb
Nemelex Xobeh
Okawaru
Qazlal
Ru
Trog
Uskayaw
Wu Jian
Xom
Zin
The Shining One

Shops:
D:3 :


Message History

You closely miss the killer bee.
The killer bee is lightly wounded.
You feel sick. The killer bee completely misses you.
You closely miss the killer bee.
The killer bee is lightly wounded.
You feel sick.
The killer bee stings you but does no damage. x2
You miss the killer bee.
The killer bee is lightly wounded.
You feel sick.
The killer bee stings you but does no damage.
You miss the killer bee.
The killer bee is lightly wounded.
You block the killer bee's attack.
You hit the killer bee.
The killer bee is heavily wounded.
You feel sick.
The killer bee stings you but does no damage. x2
You slash the killer bee!
You kill the killer bee!
Okawaru accepts your kill.
You feel sick.
You hit the killer bee.
The killer bee is lightly wounded.
The killer bee stings you!
* * * LOW HITPOINT WARNING * * *
You are more poisoned.
The killer bee poisons you!
The killer bee stings you but does no damage.
You feel better. The killer bee stings you.
* * * LOW HITPOINT WARNING * * *
The killer bee stings you but does no damage.
You closely miss the killer bee.
The killer bee is lightly wounded.
The killer bee stings you!
* * * LOW HITPOINT WARNING * * *
You closely miss the killer bee.
The killer bee is lightly wounded.
You block the killer bee's attack. The killer bee stings you.
You die...

#.# #.# #.# #.# #.# #.##
####.###.###.#.
#........##....
#############.##....###.##.
#..........##.#####.# #.##.
#.########.##.# #.# #.##.
#.# #<##.#####.###.##. #.#
#@##.#............ #.#
##y##.#.###........ #.#
####..>#.#.# #####.### #.#
##.....[..#.# #.#
#.###...#...###.# #.#
#.(........## #.# #.#
#####...#### #.# #.# #..##
#.# #.# #.## #.# #.#


You could see a killer bee.

Vanquished Creatures
  Joseph (D:7)
  2 wyverns
  2 water moccasins (D:6)
  A hornet zombie (D:7)
  2 orc warriors (D:7)
  A necrophage (D:6)
  2 centaurs
  An ogre (D:4)
  A phantom (D:4)
  A kobold brigand (D:8)
  Blork the orc (D:5)
  A bullfrog (D:7)
  2 scorpions
  2 water moccasin skeletons (D:6)
  4 killer bees (D:7)
  4 wights (D:8)
  A centaur zombie (D:5)
  A bullfrog zombie (D:5)
  2 centaur skeletons
  3 hounds
  Crazy Yiuf (D:7)
  A jelly (D:7)
  2 orc priests
  A bullfrog skeleton (D:6)
  2 iguanas (D:7)
  Terence (D:2)
  5 orc wizards
  A scorpion zombie (D:5)
  A killer bee zombie (D:5)
  A howler monkey zombie (D:6)
  7 adders
  2 shadow imps
  2 white imps
  3 adder skeletons (D:4)
  A dart slug (D:2)
  22 orcs
  2 bats (D:2)
  8 endoplasms
  5 giant cockroaches
  9 goblins
  6 hobgoblins
  11 kobolds
  A quokka (D:2)
  5 ball pythons
  5 frilled lizards
  4 rats
144 creatures vanquished.

Vanquished Creatures (others)
  3 plants (D:4)
3 creatures vanquished.

Grand Total: 147 creatures vanquished

Notes
Turn   | Place    | Note
-------+----------+-------------------------------------------
     0 | D:1      | mcbry74 the Hill Orc Fighter began the quest for the Orb.
     0 | D:1      | Reached XP level 1. HP: 19/19 MP: 1/1
    69 | D:1      | Reached skill level 3 in Axes
   126 | D:1      | Reached XP level 2. HP: 26/26 MP: 2/2
   476 | D:1      | Reached skill level 4 in Axes
  1270 | D:2      | Reached XP level 3. HP: 25/31 MP: 3/3
  1389 | D:2      | Found a faded altar of an unknown god.
  1499 | D:2      | Noticed Terence
  1516 | D:2      | Killed Terence
  1517 | D:2      | Reached skill level 5 in Axes
  1664 | D:2      | Reached XP level 4. HP: 39/39 MP: 4/4
  2111 | D:3      | Reached skill level 6 in Axes
  2540 | D:3      | Reached XP level 5. HP: 45/45 MP: 5/5
  2562 | D:3      | Found Xuovog's Book Boutique.
  3036 | D:4      | Noticed a phantom
  3055 | D:3      | Reached skill level 7 in Axes
  3146 | D:4      | Killed a phantom
  3242 | D:4      | Noticed an ogre
  3258 | D:4      | Killed an ogre
  3259 | D:4      | Reached skill level 8 in Axes
  3259 | D:4      | Reached XP level 6. HP: 13/51 MP: 6/6
  3503 | D:4      | Found a staircase to the Ecumenical Temple.
  3509 | Temple   | Entered the Ecumenical Temple
  3747 | Temple   | Became a worshipper of Warmaster Okawaru
  3827 | D:4      | Reached skill level 9 in Axes
  3861 | D:4      | Found a snail-covered altar of Cheibriados.
  4155 | D:4      | Found a white marble altar of Elyvilon.
  4613 | D:5      | Entered Level 5 of the Dungeon
  4732 | D:5      | Reached skill level 10 in Axes
  4732 | D:5      | Reached XP level 7. HP: 38/57 MP: 7/7
  4795 | D:5      | Reached * piety under Okawaru
  4951 | D:5      | Noticed Blork the orc
  4978 | D:5      | Killed Blork the orc
  4979 | D:5      | Reached skill level 1 in Invocations
  5307 | D:5      | Reached skill level 1 in Polearms
  5402 | D:5      | Reached skill level 1 in Maces & Flails
  5549 | D:5      | Found a glowing golden altar of the Shining One.
  5676 | D:6      | Reached skill level 1 in Throwing
  5676 | D:6      | Reached XP level 8. HP: 51/66 MP: 9/9
  6466 | D:6      | Reached ** piety under Okawaru
  6689 | D:6      | Reached skill level 5 in Fighting
  7079 | D:7      | Noticed a wyvern
  7082 | D:7      | Killed a wyvern
  7181 | D:7      | Noticed Joseph
  7225 | D:7      | Reached XP level 9. HP: 65/74 MP: 11/11
  7323 | D:7      | Killed Joseph
  7323 | D:7      | Reached *** piety under Okawaru
  7626 | D:7      | Reached skill level 11 in Axes
  7810 | D:7      | Found a runed translucent door.
  7811 | D:7      | Noticed Crazy Yiuf
  7876 | D:7      | Killed Crazy Yiuf
  8206 | D:8      | Found a sacrificial altar of Ru.
  8283 | D:8      | Found a burning altar of Makhleb.
  8310 | D:7      | Reached skill level 5 in Armour
  8490 | D:8      | Reached skill level 5 in Shields
  8888 | D:7      | Slain by a killer bee

Illustrated notes

Levels and vault maps discovered:
D:1:      amcnicky_arrival_flooded_fountain, layout_basic, serial_rivers,
          chequers_serial_rivers_small_3, chequers_serial_rivers_micro_a,
          chequers_serial_rivers_small_b, chequers_serial_rivers_small_b,
          chequers_serial_rivers_micro_e, chequers_serial_rivers_small_a
D:2:      layout_basic, chequers_ecumenical_altar_island, uniq_terence
D:3:      layout_basic, serial_shops, nicolae_lakefront_shop
D:4:      layout_basic, nicolae_elyvilon_peaceful_grove,
          mainiacjoe_overflow_chevrons, temple_green
D:5:      layout_cave_pools, nicolae_tso_swordbearing_angel, uniq_blork_the_orc
D:6:      layout_basic
D:7:      layout_loops_ring, uniq_crazy_yiuf_cottage, uniq_joseph
D:8:      layout_cave_pools, nicolae_overflow_quartered_altars,
          mainiacjoe_overflow_tiny_flanked, minivault_10
Temple:   jpeg_temple_clearing

Skill      XL: |  1  2  3  4  5  6  7  8  9 |
---------------+----------------------------+-----
Axes           | 3 4 5 6 8 10 11 | 11.2
Invocations    | 1 3 4 |  4.7
Polearms       | 1 2 3 |  3.7
Maces & Flails | 1 2 3 |  3.9
Fighting       | 4 5 6 |  6.8
Throwing       | 1 2 3 |  3.1
Armour         | 4 5 |  5.2
Shields        | 4 5 |  5.2

Action                   |  1- 3 |  4- 6 |  7- 9 || total
-------------------------+-------+-------+-------++-------
Melee: Dagger            |     8 |       |       ||     8
       War axe           |   116 |   177 |   194 ||   487
Throw: Dart              |     2 |     7 |    13 ||    22
Invok: Heroism           |       |       |     2 ||     2
  Use: Scroll            |       |       |    14 ||    14
       Potion            |       |       |     3 ||     3
 Stab: Distracted        |       |       |     1 ||     1
Armor: Scale mail        |    59 |    86 |    43 ||   188
       Chain mail        |       |       |    55 ||    55
Dodge: Dodged            |    58 |    87 |    76 ||   221
Block: Buckler           |    29 |    49 |    35 ||   113

Table legend: (Time is in decaauts)
 A = Elapsed time spent in this place.
 B = Non-inter-level travel time spent in this place.
 C = Inter-level travel time spent in this place.
 D = Time resting spent in this place.
 E = Time spent auto-exploring this place.
 F = Levels seen in this place.
 G = Mean time per level.
                   A        B        C        D        E       F      G
               +--------+--------+--------+--------+--------+-----+--------+
         Total |   8944 |   8739 |    205 |   2492 |   4819 |   9 |  993.8 |
       Dungeon |   8675 |   8496 |    179 |   2492 |   4698 |   8 | 1084.4 |
        Temple |    268 |    242 |     26 |      0 |    121 |   1 |  268.0 |
               +--------+--------+--------+--------+--------+-----+--------+

Top non-repeatable levels by time:
     D:7: 1557 daAuts
     D:6: 1286 daAuts
     D:1: 1234 daAuts
     D:4: 1230 daAuts
     D:5: 1178 daAuts
     D:3: 1065 daAuts
     D:2: 884 daAuts
  Temple: 268 daAuts
     D:8: 238 daAuts
